 Dungeon Crawl Stone Soup version 0.17-a0-1497-g03599f7 (webtiles) character file.

2189 urechis the Skirmisher (level 9, -5/73 HPs)
             Began as a Demonspawn Gladiator on July 6, 2015.
             Was a Follower of Ru.
             Slain by Oddysee's ghost (7 damage)
             ... on level 8 of the Dungeon.
             The game lasted 00:15:48 (5822 turns).

urechis the Skirmisher (Demonspawn Gladiator)       Turns: 5822, Time: 00:15:49

Health: -5/73      AC:  7    Str: 25    XL:     9   Next: 12%
Magic:  9/9        EV: 18    Int: 14    God:    Ru [*.....]
Gold:   365        SH:  0    Dex: 20    Spells: 0 memorised, 8 levels left

rFire  . . .     SeeInvis .     a - +1 long sword "Boma" {drain, Stlth+}
rCold  . . .     Clarity  .     I - +0 leather armour
rNeg   . . .     SustAt   .     (no shield)
rPois  +         Gourm    .     y - +1 hat
rElec  .         Spirit   .     (no cloak)
rCorr  .         Warding  .     n - +2 pair of gloves {Str+3}
rMut   .         Stasis   +     (no boots)
MR     .....                    s - amulet of stasis
Stlth  ++++......               w - +4 ring of intelligence
                                c - ring of poison resistance

@: mighty, agile, no potions, not resistant to hostile enchantments, stealthy
A: antennae 2, claws 1, powered by pain 1, spiny 2, inability to drink while
threatened
a: Renounce Religion


You were on level 8 of the Dungeon.
You worshipped Ru.
Ru was aware of your devotion.
You were very hungry.

You visited 1 branch of the dungeon, and saw 8 of its levels.

You collected 365 gold pieces.

Inventory:

Hand weapons
 a - the +1 long sword "Boma" (weapon) {drain, Stlth+}
   (You found it on level 4 of the Dungeon)

   A truly terrible weapon, it drains the life of those it strikes.
   It makes you more stealthy.
 b - a +0 blowgun
Missiles
 d - 6 throwing nets (quivered)
 B - 2 poisoned needles
Armour
 n - a +2 pair of gloves of strength (worn)
 y - a +1 hat (worn)
 I - a +0 leather armour (worn)
Jewellery
 c - a ring of poison resistance (left hand)
 r - an uncursed ring of teleportation
 s - an amulet of stasis (around neck)
 w - a +4 ring of intelligence (right hand)
Magical devices
 J - a wand of slowing (43)
Scrolls
 h - a scroll of fog
 i - 2 scrolls of recharging
 k - 2 scrolls of blinking
 p - a scroll of teleportation
 q - 2 scrolls of enchant weapon
 u - a scroll of silence {unknown}
 v - a scroll of acquirement
 x - 2 scrolls of remove curse
 D - a scroll of enchant armour {unknown}
 F - 3 scrolls of identify
 K - a scroll of torment {unknown}
Potions
 f - 2 potions of haste {unknown}
 g - a potion of brilliance {unknown}
 j - a potion of lignification {unknown}
 l - 2 potions of curing {unknown}
 o - 3 potions of agility
 t - 4 potions of flight {unknown}
 z - 2 potions of cure mutation {unknown}
 A - 3 potions of degeneration {unknown}
 G - a potion of resistance {unknown}
 H - a potion of poison {unknown}
Comestibles
 e - 8 bread rations
 m - a slice of pizza
 C - 2 fruits
 E - a royal jelly
 L - 6 beef jerkies


   Skills:
 + Level 7.7 Fighting
 + Level 7.5 Long Blades
 - Level 1.7 Throwing
 - Level 5.0 Armour
 - Level 2.6 Dodging


You had 8 spell levels left.
You didn't know any spells.

Dungeon Overview and Level Annotations

Branches:
Dungeon (8/15)             Temple (0/1) D:6
   Lair: D:8-11

Altars:
Fedhas
Makhleb
Nemelex Xobeh
Ru
Xom

Annotations:
D:8 Oddysee's ghost, experienced MiFi


Innate Abilities, Weirdness & Mutations

You have a pair of antennae on your head.
You have sharp fingernails.
You sometimes gain a little power by taking damage.
You are mostly covered in sharp spines.
You cannot drink potions while threatened.


Message History

You hit Oddysee's ghost but do no damage.
Oddysee's ghost is heavily damaged.
Oddysee's ghost is struck by your spines.
Oddysee's ghost hits you!!
* * * LOW HITPOINT WARNING * * *
You focus on the pain.
You feel agile all of a sudden.
You hit Oddysee's ghost.
Oddysee's ghost is heavily damaged.
Oddysee's ghost says, "I'll split you in two!"
Oddysee's ghost hits you but does no damage.
You hit Oddysee's ghost but do no damage.
Oddysee's ghost is heavily damaged.
Oddysee's ghost is struck by your spines.
Oddysee's ghost barely misses you.
You slash Oddysee's ghost!
Oddysee's ghost is severely damaged.
Oddysee's ghost is struck by your spines.
Oddysee's ghost hits you!
You die...

### ##.## # ##...## #.
..... .. ... .##
#W#...#.#
########@.....$# . .
#........#...#.. .#.
##.######## .## #..
##...## # #.. ##.###.##
#.# #.## ##.# ##+## #.#
#.# #.# ##...## #.#
####.## ##.# ##.....##
####.#
#.....###.####.......##
#.....


You could see Oddysee's ghost.

Vanquished Creatures
  4 ogres
  A phantom (D:8)
  2 orc warriors
  A black bear (D:5)
  A sky beast (D:5)
  A big kobold (D:7)
  3 giant frogs
  2 scorpions
  5 wights (D:6)
  2 jellies (D:7)
  5 hounds
  A giant frog skeleton (D:6)
  An orc priest (D:3)
  3 worker ants
  An iguana (D:7)
  5 orc wizards
  2 hound skeletons (D:5)
  10 gnolls
  4 adders
  2 oozes
  An adder zombie (D:5)
  5 worms
  3 giant geckos
  19 orcs
  2 ball pythons
  2 bat skeletons
  8 goblins
  11 hobgoblins
  6 jackals
  17 kobolds
  3 quokkas
  8 bats
  6 giant cockroaches
  A giant newt (D:2)
  A quokka zombie (D:4)
  17 rats
166 creatures vanquished.

Notes
Turn   | Place    | Note
--------------------------------------------------------------
     0 | D:1      | urechis the Demonspawn Gladiator began the quest for the Orb.
     0 | D:1      | Reached XP level 1. HP: 16/16 MP: 1/1
   115 | D:1      | Reached skill level 3 in Long Blades
   137 | D:1      | Gained mutation: You are partially covered in sharp spines. [demonic ancestry]
   137 | D:1      | Reached XP level 2. HP: 20/23 MP: 2/2
   737 | D:2      | Gained mutation: You have sharp fingernails. [demonic ancestry]
   737 | D:2      | Reached XP level 3. HP: 28/28 MP: 3/3
  1067 | D:2      | Found a shimmering altar of Xom.
  1462 | D:2      | Gained mutation: You are mostly covered in sharp spines. [demonic ancestry]
  1462 | D:2      | Reached XP level 4. HP: 24/35 MP: 4/4
  1564 | D:3      | Reached skill level 4 in Long Blades
  2051 | D:3      | Reached XP level 5. HP: 34/42 MP: 5/5
  2170 | D:4      | Found a blossoming altar of Fedhas.
  2236 | D:4      | Found a sparkling altar of Nemelex Xobeh.
  2245 | D:4      | Got a polished long sword
  2246 | D:4      | Identified the cursed +1 long sword "Boma" {drain, Stlth+} (You found it on level 4 of the Dungeon)
  2304 | D:4      | Found a blossoming altar of Fedhas.
  2314 | D:4      | Gained mutation: You sometimes gain a little power by taking damage. [demonic ancestry]
  2314 | D:4      | Reached XP level 6. HP: 45/49 MP: 6/6
  2381 | D:4      | Reached skill level 5 in Long Blades
  2479 | D:4      | Reached skill level 5 in Fighting
  2841 | D:4      | Noticed an ogre
  2850 | D:4      | Killed an ogre
  3138 | D:4      | Gained mutation: You have a pair of small antennae on your head. [demonic ancestry]
  3138 | D:4      | Reached XP level 7. HP: 43/56 MP: 7/7
  3161 | D:5      | Entered Level 5 of the Dungeon
  3222 | D:5      | Reached skill level 1 in Armour
  3418 | D:5      | Found a sacrificial altar of Ru.
  3442 | D:5      | Became a worshipper of Ru the Awakened
  3530 | D:5      | Identified a scroll of acquirement
  3619 | D:5      | Reached skill level 6 in Long Blades
  3673 | D:5      | Found a burning altar of Makhleb.
  4092 | D:6      | Gained mutation: You have a pair of antennae on your head. [demonic ancestry]
  4092 | D:6      | Reached XP level 8. HP: 30/64 MP: 8/8
  4513 | D:6      | Gained mutation: You cannot drink potions while threatened. [Ru sacrifice]
  4513 | D:6      | Acquired Ru's first power
  4654 | D:6      | Found a staircase to the Ecumenical Temple.
  5062 | D:7      | Reached skill level 5 in Armour
  5105 | D:7      | Reached skill level 7 in Fighting
  5548 | D:7      | Reached XP level 9. HP: 61/72 MP: 9/9
  5796 | D:8      | Noticed Oddysee's ghost (experienced MiFi)
  5819 | D:8      | HP: 1/73 [Oddysee's ghost (22)]
  5822 | D:8      | Slain by Oddysee's ghost

Vault maps used:
D:1:      evilmike_arrival_fibonacci_small, serial_bayou_pond_c
D:2:      xom_teletrap_fun, kennysheep_generic_room_14
D:4:      lemuel_doored_altar, old_standard_altar, fedhas_altar_1
D:5:      kennysheep_mini, first_bread, basic_altar
D:6:      temple_doors_e
D:7:      grunt_ogre_cave
D:8:      grunt_temple_overflow_holy_war, serial_shops, shop

Action                   |  1- 3 |  4- 6 |  7- 9 || total
-------------------------+-------+-------+-------++-------
Melee: Long sword        |    67 |    70 |   132 ||   269
Invok: Sacrifice Drink   |       |       |     1 ||     1
  Use: Scroll            |       |     7 |     3 ||    10
 Stab: Sleeping          |     1 |     2 |     5 ||     8
  Eat: Chunk             |     1 |     3 |     5 ||     9
       Meat ration       |       |     1 |       ||     1
